 Dungeon Crawl Stone Soup version 0.27-a0-705-ga0013940fb (webtiles) character file.

Game seed: 16360585271072090932

635543 tsouns the Slayer (level 27, -7/242 HPs)
             Began as a Formicid Wanderer on Mar 17, 2021.
             Was a High Priest of Ashenzari.
             Killed from afar by an infernal blood saint (19 damage)
             ... with an iceblast
             ... on level 9 of a ziggurat on Mar 22, 2021.
             The game lasted 03:14:51 (53023 turns).

tsouns the Slayer (Formicid Wanderer)              Turns: 53023, Time: 03:14:52

Health: -7/242     AC: 43    Str: 45    XL:     27
Magic:  40/40      EV: 25    Int: 12    God:    Ashenzari [*****.]
Gold:   7426       SH: 13    Dex: 20    Spells: 42/61 levels left

rFire    + + .     SeeInvis +   n - +9 morningstar of the Circumscribed Seer {pain, Will++ Str+3, Comp, Fort} (curse)
rCold    + . .     Faith    .   j - +2 buckler "Bound With Me" {AC+3, Cun, Self} (curse)
rNeg     . . .     Spirit   .   O - +10 plate armour {rF+}
rPois    .         Reflect  .   (helmet unavailable)
rElec    .         Harm     .   d - +2 cloak of Apeoromancy {Will+, Self, Bglg} (curse)
rCorr    +         Rampage  .   Y - +1 pair of gloves of Ashenzari's Moon {*Contam Str+8 Dex+3, Melee, Range} (curse)
Will     +++++     Clarity  +   h - +0 pair of boots "At What Cost Knowledge?" {Evo, Self} (curse)
Stlth    ..........             r - amulet "Lashed With Me" {Regen+, Fort, Evo} (curse)
HPRegen  1.50/turn              q - ring of the Sublime Jealousy {*Drain rF+ rC+ Will+++ rCorr, Comp, Fort} (curse)
MPRegen  0.27/turn              y - ring "Thunder Perfect Mind" {Will+ Str+3 Int+4 Dex+6 Slay+2, Range, Cun} (curse)

@: very slightly contaminated, studying 4 skills, invisible
A: permanent stasis, dig shafts and tunnels, antennae 3, four strong arms,
repulsion field 1, dopey 1, low mp 1, wild magic 1
}: 4/15 runes: decaying, serpentine, slimy, silver
a: Dig, Shaft Self, Renounce Religion, Curse Item, Shatter the Chains


You were on level 9 of a ziggurat.
You worshipped Ashenzari.
Ashenzari was extremely pleased with you.
You visited 10 branches of the dungeon, and saw 52 of its levels.
You visited 1 ziggurat, and saw 9 of its levels.
You also visited: Sewer, Gauntlet, Ice Cave, Volcano and Wizlab.

You collected 10010 gold pieces.
You spent 2584 gold pieces at shops.

Inventory:

Hand Weapons
 n - the cursed +9 morningstar of the Circumscribed Seer (weapon) {pain, Will++ Str+3, Comp, Fort}
   (You found it on level 7 of the Dungeon)

   In the hands of one skilled in necromantic magic, it inflicts extra damage on
   living creatures.
   It affects your strength (+3).
   It affects your willpower, your defense against some magical effects.
   It has a curse which improves the following skills: Companions: Summonings
   and Necromancy.
   Fortitude: Armour and Shields.
Missiles
 F - 53 javelins (quivered)
 R - 4 throwing nets
 W - 23 curare-tipped darts
Armour
 d - the cursed +2 cloak of Apeoromancy (worn) {Will+, Self, Bglg}
   (You found it on level 15 of the Dungeon)

   It has a curse which improves the following skills: Introspection: Fighting
   and Spellcasting.
   Beguiling: Conjurations, Hexes and Translocations.
 h - the cursed +0 pair of boots "At What Cost Knowledge?" (worn) {Evo, Self}
   (You found it on level 3 of the Lair of Beasts)

   It has a curse which improves the following skills: Evocations: Evocations.
   Introspection: Fighting and Spellcasting.
 j - the cursed +2 buckler "Bound With Me" (worn) {AC+3, Cun, Self}
   (You found it on level 6 of the Lair of Beasts)

   It has a curse which improves the following skills: Cunning: Dodging and
   Stealth.
   Introspection: Fighting and Spellcasting.
 O - a +10 plate armour of fire resistance (worn)
 Y - the cursed +1 pair of gloves of Ashenzari's Moon (worn) {*Contam Str+8 Dex+3, Melee, Range}
   (You bought it in a shop on level 2 of the Orcish Mines)

   It affects your strength (+8).
   It affects your dexterity (+3).
   It causes magical contamination when unequipped.
   It has a curse which improves the following skills: Melee Combat: Short
   Blades, Long Blades, Axes, Maces & Flails, Polearms, Staves and Unarmed
   Combat.
   Ranged Combat: Slings, Bows, Crossbows and Throwing.
Jewellery
 k - the ring "Otrihokkukh" {*Contam rF+++ Int+6 Dex+2 Stlth+}
   (You found it on level 5 of a ziggurat)

   [ring of intelligence]

   It affects your intelligence (+6).
   It affects your dexterity (+2).
   It renders you almost immune to fire.
   It causes magical contamination when unequipped.
   It makes you more stealthy.
 q - the cursed ring of the Sublime Jealousy (right hand) {*Drain rF+ rC+ Will+++ rCorr, Comp, Fort}
   (You found it on level 4 of the Swamp)

   [ring of resist corrosion]

   It protects you from fire.
   It protects you from cold.
   It affects your willpower, your defense against some magical effects.
   It provides partial protection from all sources of acid and corrosion.
   It causes draining when unequipped.
   It has a curse which improves the following skills: Companions: Summonings
   and Necromancy.
   Fortitude: Armour and Shields.
 r - the cursed amulet "Lashed With Me" (around neck) {Regen+, Fort, Evo}
   (You found it on level 4 of the Dungeon)

   [amulet of regeneration]

   It increases your rate of regeneration.
   It has a curse which improves the following skills: Fortitude: Armour and
   Shields.
   Evocations: Evocations.
 y - the cursed ring "Thunder Perfect Mind" (left hand) {Will+ Str+3 Int+4 Dex+6 Slay+2, Range, Cun}
   (You took it off a deep elf annihilator on level 3 of the Elven Halls)

   [ring of dexterity]

   It affects your strength (+3).
   It affects your intelligence (+4).
   It affects your dexterity (+6).
   It affects your accuracy and damage with ranged weapons and melee attacks
   (+2).
   It affects your willpower, your defense against some magical effects.
   It has a curse which improves the following skills: Ranged Combat: Slings,
   Bows, Crossbows and Throwing.
   Cunning:   Dodging and Stealth.
Wands
 a - a wand of paralysis (40)
 i - a wand of digging (13)
 p - a wand of acid (26)
 C - a wand of charming (29)
 E - a wand of polymorph (56)
 I - a wand of mindburst (57)
 M - a wand of flame (34)
 X - a wand of iceblast (34)
Scrolls
 c - a scroll of summoning
 g - 8 scrolls of fear
 o - 4 scrolls of enchant armour
 u - 12 scrolls of enchant weapon
 v - 9 scrolls of magic mapping
 w - 9 scrolls of fog
 x - 8 scrolls of immolation
 B - 13 scrolls of amnesia
 D - 2 scrolls of brand weapon
 K - a scroll of silence
Potions
 b - 9 potions of heal wounds
 e - 2 potions of magic
 f - 20 potions of curing
 l - 17 potions of flight
 m - 13 potions of lignification
 t - 8 potions of cancellation
 z - 5 potions of mutation
 A - 3 potions of ambrosia
 G - 7 potions of brilliance
 N - 7 potions of resistance
 S - a potion of invisibility
Miscellaneous
 s - a box of beasts
 J - a lightning rod (4/4)
 P - a phial of floods
 V - a condenser vane (inert)
 Z - a phantom mirror


   Skills:
 + Level 21.1(25.1) Fighting
 + Level 20.6(22.5) Maces & Flails
 + Level 8.7(12.6) Throwing
 + Level 20.9(24.9) Armour
 + Level 16.8(20.2) Dodging
 + Level 5.8(9.9) Stealth
 + Level 19.0(23.2) Shields
 + Level 12.8(17.6) Spellcasting
 + Level 14.8(18.3) Necromancy
 + Level 15.2(18.7) Evocations


You had 42 spell levels left.
You knew the following spells:

 Your Spells              Type           Power      Damage    Failure   Level
a - Death Channel         Necr           31%        N/A       1%          6
b - Borgnjor's Vile Clut  Necr/Erth      21%        N/A       12%         5
c - Animate Skeleton      Necr           100%       N/A       1%          1
d - Animate Dead          Necr           31%        N/A       1%          4
e - Apportation           Tloc           28%        N/A       14%         1
f - Passwall              Tmut/Erth      10%        N/A       26%         2

Your spell library contained the following spells:

 Spells                   Type           Power      Damage    Failure   Level
 Corpse Rot               Necr/Air       N/A        N/A       1%          2
 Sublimation of Blood     Necr           31%        N/A       1%          2
 Dispel Undead            Necr           63%        3d22      1%          4
 Agony                    Necr           63%        N/A       1%          5
 Excruciating Wounds      Necr           31%        N/A       1%          5
 Summon Small Mammal      Summ           60%        N/A       13%         1
 Corona                   Hex            15%        N/A       14%         1
 Magic Dart               Conj           56%        1d5       14%         1
 Foxfire                  Conj/Fire      56%        2x1d6     16%         1
 Shock                    Conj/Air       56%        1d6       16%         1
 Beastly Appendage        Tmut           26%        N/A       17%         1
 Freeze                   Ice            52%        1d7       17%         1
 Sandblast                Erth           26%        2d8       17%         1
 Sting                    Tmut/Pois      52%        1d5       17%         1
 Call Imp                 Summ           15%        N/A       21%         2
 Searing Ray              Conj           28%        3d4       22%         2
 Slow                     Hex            14%        N/A       22%         2
 Ensorcelled Hibernation  Hex/Ice        28%        N/A       24%         2
 Poisonous Vapours        Pois/Air       26%        N/A       26%         2
 Summon Guardian Golem    Hex/Summ       15%        N/A       36%         3
 Confusing Touch          Hex            14%        N/A       38%         3
 Dazzling Flash           Conj/Hex       28%        N/A       38%         3
 Gell's Gravitas          Tloc           7%         N/A       38%         3
 Lesser Beckoning         Tloc           7%         N/A       38%         3
 Portal Projectile        Hex/Tloc       28%        N/A       38%         3
 Tukima's Dance           Hex            14%        N/A       38%         3
 Conjure Flame            Conj/Fire      14%        6-21      41%         3
 Inner Flame              Hex/Fire       14%        N/A       41%         3
 Mephitic Cloud           Conj/Pois/Air  14%        N/A       41%         3
 Static Discharge         Conj/Air       14%        N/A       41%         3
 Stone Arrow              Conj/Erth      28%        3d8       41%         3
 Frozen Ramparts          Ice            26%        1d4       43%         3
 Ignite Poison            Fire/Tmut/Pois 13%        N/A       43%         3
 Ozocubu's Armour         Ice            13%        N/A       43%         3
 Simulacrum               Ice/Necr       21%        N/A       47%         6
 Borgnjor's Revivificati  Necr           31%        N/A       47%         8
 Infestation              Necr           31%        N/A       47%         8
 Cause Fear               Hex            7%         N/A       77%         4
 Passage of Golubria      Tloc           N/A        N/A       77%         4
 Animate Armour           Summ/Erth      28%        N/A       78%         4
 Hailstorm                Conj/Ice       14%        3d5       78%         4
 Sticky Flame             Conj/Fire      14%        2d4       78%         4
 Summon Ice Beast         Ice/Summ       14%        N/A       78%         4
 Summon Lightning Spire   Summ/Air       14%        N/A       78%         4
 Leda's Liquefaction      Hex/Erth       7%         N/A       80%         4
 Airstrike                Air            6%         N/A       82%         4
 Ice Form                 Ice/Tmut       13%        N/A       82%         4
 Petrify                  Tmut/Erth      13%        N/A       82%         4
 Iskenderun's Battlesphe  Conj           14%        2d7       97%         5
 Summon Forest            Summ/Tloc      7%         N/A       97%         5
 Alistair's Intoxication  Tmut/Pois      8%         N/A       98%         5
 Blade Hands              Tmut           6%         N/A       98%         5
 Bolt of Magma            Conj/Fire/Erth 7%         4d6       98%         5
 Fireball                 Conj/Fire      7%         3d5       98%         5
 Irradiate                Conj/Tmut      7%         3d15      98%         5
 Lee's Rapid Deconstruct  Erth           6%         3d7*      98%         5
 Lightning Bolt           Conj/Air       7%         1d19      98%         5
 Metabolic Englaciation   Hex/Ice        7%         N/A       98%         5
 Silence                  Hex/Air        7%         N/A       98%         5
 Yara's Violent Unravell  Hex/Tmut       7%         3d5       98%         5
 Conjure Ball Lightning   Conj/Air       7%         3x3d6     100%        6
 Eringya's Noxious Bog    Tmut/Pois      6%         N/A       100%        6
 Freezing Cloud           Conj/Ice/Air   7%         6-21      100%        6
 Hydra Form               Tmut           6%         N/A       100%        6
 Invisibility             Hex            14%        N/A       100%        6
 Iron Shot                Conj/Erth      7%         9d2       100%        6
 Starburst                Conj/Fire      7%         8x6d4     100%        6
 Statue Form              Tmut/Erth      8%         N/A       100%        6
 Dragon Form              Tmut           6%         N/A       100%        7
 Orb of Destruction       Conj           7%         9d3       100%        7
 Ozocubu's Refrigeration  Ice            6%         4d6       100%        7
 Spellforged Servitor     Conj/Summ      7%         N/A       100%        7
 Summon Hydra             Summ           7%         N/A       100%        7
 Chain Lightning          Conj/Air       7%         N/A       100%        8
 Discord                  Hex            7%         N/A       100%        8
 Ignition                 Fire           6%         3d4       100%        8
 Lehudib's Crystal Spear  Conj/Erth      7%         10d3      100%        8
 Necromutation            Tmut/Necr      21%        N/A       100%        8
 Absolute Zero            Ice            6%         ∞         100%        9
 Death's Door             Necr           31%        N/A       100%        9
 Dragon's Call            Summ           7%         N/A       100%        9
 Fire Storm               Conj/Fire      7%         8d2       100%        9
 Shatter                  Erth           6%         3d9*      100%        9
 Tornado                  Air            6%         N/A       100%        9
 Blink                    Tloc           Unusable   N/A       N/A         2
 Swiftness                Air            Unusable   N/A       N/A         2

Dungeon Overview and Level Annotations

Branches:
Dungeon (15/15)            Temple (0/1) D:7            Lair (6/6) D:11
  Swamp (4/4) Lair:3        Snake (4/4) Lair:3        Slime (5/5) Lair:5
    Orc (2/2) D:10            Elf (3/3) Orc:2        Vaults (5/5) D:14
  Crypt (3/3) Vaults:3       Tomb (0/3) Crypt:3      Depths (5/5) D:15
    Zot (0/5) Depths:5      Sewer (visited)           IceCv (visited)
Volcano (visited)          WizLab (visited)         Gauntlet (visited)

Altars:
Ashenzari
Elyvilon
Fedhas
Hepliaklqana
Kikubaaqudgha
Nemelex Xobeh
Okawaru
Qazlal
Sif Muna
Trog
Yredelemnul
The Shining One
Lugonu

Shops:
D:2 [   D:15 [!?=(   Orc:2 [*:[   Elf:3 [   Snake:1 *   Snake:3 =:=
Snake:4 =?   Vaults:4 =   Depths:3 (*   Depths:4 =

Portals:
Hell: Depths:1 Depths:2 Depths:3 Depths:4 Depths:5
Abyss: Depths:1 Depths:3 Depths:4
Pandemonium: Depths:3
Trove: D:11 (show slimy rune of Zot)

Annotations:
D:6 2 transporters
Swamp:2 2 transporters, exclusion: orange crystal statue
Snake:2 1 transporter
Elf:2 3 runed translucent doors
Crypt:2 3 runed translucent doors, Titucsi's ghost, adept GrFi


Innate Abilities, Weirdness & Mutations

You cannot be hasted, slowed, berserked, paralysed or teleported.
You can dig through walls and to a lower floor.
You have a pair of large antennae on your head. (SInv)
Your four strong arms can wield two-handed weapons with a shield.
You are surrounded by a mild repulsion field. (EV +2)
You are dopey. (Int -2)
Your magical capacity is low. (-10% MP)
Your spells are a little harder to cast, but a little more powerful.


Message History

The Executioner barely misses you. You block the Executioner's attack. x2
The Executioner misses you. x2; The Executioner hits you.
* * * LOW HITPOINT WARNING * * *
The Tzitzimitl calls on the powers of darkness!
The emperor scorpion convulses!
The torpor snail convulses!
The ghost moth convulses!
Your body is wracked with pain!
* * * LOW HITPOINT WARNING * * *
The Brimstone Fiend completely misses you.
You block the Brimstone Fiend's attack.
The Brimstone Fiend completely misses you.
A torturous blood saint comes into view.
It is wielding a +0 dagger.
The torturous blood saint shouts!
You thump the Brimstone Fiend!
The Brimstone Fiend is moderately wounded.
The torturous blood saint shouts!
The Executioner completely misses you.
The Executioner hits you but does no damage.
The Executioner closely misses you. You block the Executioner's attack.
The Executioner hits you but does no damage.
The Executioner misses you. The Brimstone Fiend hits you!
* * * LOW HITPOINT WARNING * * *
The Brimstone Fiend hits you but does no damage. x2
Unknown command.
You bludgeon the Brimstone Fiend!!
The Brimstone Fiend is heavily wounded.
The torturous blood saint shouts!
The Executioner misses you. You block the Executioner's attack. x2
The Executioner hits you but does no damage.
You block the Executioner's attack.
The Executioner hits you but does no damage.
The infernal blood saint conjures a destructive force in the name of Makhleb!
The mass of ice explodes!
The iceblast engulfs the Executioner!!
The Executioner partially resists.
The iceblast engulfs you! You partially resist.
* * * LOW HITPOINT WARNING * * *
The iceblast engulfs the Brimstone Fiend!!!
The Brimstone Fiend is frozen!
The mass of ice explodes!
The iceblast engulfs the Executioner!
The Executioner partially resists.
The iceblast engulfs you!! You partially resist.
You die...

▓▓▓▓▓...........,
▓▓▓▓.........2w..) *
▓▓▓.........s.6..=, *
▓▓.∩........6&...2,>
▓▓▓.......1......)2∩*
▓▓▓▓......62.....[,**
▓▓▓▓▓............. *
▓▓▓▓.11........▓
▓▓▓▓@........▓
▓▓▓▓▓▓▓▓▓▓▓▓▓
▓▓▓▓▓▓▓▓▓▓ ▓▓▓▓▓▓▓▓▓▓


You could see Ecveezen, an emperor scorpion (summoned, wandering), a Tzitzimitl,
a Brimstone Fiend, a lorocyproca (invisible), a green death, a torturous
corrupter, an Executioner (fast), 2 demonspawn and a torpor snail (summoned,
wandering).

Vanquished Creatures
  the Royal Jelly (Slime:5)
  2 dread liches
  2 ancient liches
  Boris (thrice) (Vaults:3 Crypt:1 Crypt:3)
  Bai Suzhen (Swamp:2)
  Vashnia (Snake:4)
  Jory (Depths:5)
  4 golden dragons
  Nikola (Depths:1)
  A pandemonium lord (Zig:3)
  A bone dragon (Crypt:3)
  A Cloud Mage (WizLab)
  3 liches
  Jorgrun (Swamp:3)
  6 tentacled monstrosities
  Asterion (Snake:2)
  Rupert (Orc:2)
  A deep elf master archer (Elf:3)
  3 titans
  3 deep elf blademasters (Elf:3)
  The ghost of rigao the Warrior, an adept DrCK of Xom (Swamp:4)
  14 acid blobs
  An Executioner (Zig:9)
  A quicksilver dragon (Vaults:5)
  A thorn hunter (Swamp:4)
  5 ancient champions
  8 sphinxes
  9 tengu reavers
  4 storm dragons
  3 shadow dragons
  4 azure jellies
  8 nagarajas
  Donald (Swamp:3)
  5 fire giants
  Roxanne (Swamp:3)
  A revenant (Crypt:2)
  4 fenstrider witches
  5 ghost moths
  8 deep elf sorcerers
  8 frost giants
  2 orc warlords
  8 rockslimes
  An emperor scorpion (Zig:7)
  A draconian shifter (Depths:5)
  3 deep elf elementalists
  Aizul (Depths:3)
  Louise (Snake:4)
  A draconian stormcaller (Depths:5)
  21 vault wardens
  A curse skull (Crypt:2)
  3 ghouls
  2 corrupters
  A reaper (Crypt:1)
  A ghost moth (shapeshifter) (Vaults:5)
  26 ironbound preservers
  5 quicksilver oozes
  A spriggan defender (Depths:4)
  24 stone giants
  10 very ugly things
  7 vampire knights
  9 war gargoyles
  A yellow draconian (Depths:5)
  9 deep elf annihilators
  2 entropy weavers
  2 green draconians (Depths:5)
  3 deep elf demonologists
  9 bunyips
  3 white draconians (Depths:5)
  A bunyip (shapeshifter) (Vaults:5)
  A starcursed mass (Zig:8)
  An entropy weaver (shapeshifter) (Vaults:5)
  3 dire elephants
  7 spark wasps (WizLab)
  A red draconian (Depths:5)
  2 merfolk javelineers
  A spark wasp (shapeshifter) (Vaults:5)
  A minotaur (Gauntlet)
  5 blizzard demons
  8 eidola
  A merfolk impaler (Depths:2)
  2 green deaths (Swamp:4)
  8 eleionomae
  11 fire dragons
  8 ettins
  9 deep elf death magi
  5 crystal guardians
  16 jiangshi
  A mummy priest (Zig:1)
  A fenstrider witch zombie (Swamp:2)
  13 great orbs of eyes
  2 shambling mangroves
  3 boulder beetles
  5 deep elf high priests
  2 rakshasas
  14 yaktaur captains
  9 ice dragons
  2 ironbound thunderhulks (Vaults:2)
  10 hydras
  2 spriggan air magi (WizLab)
  5 ogre magi
  3 peacekeepers
  17 naga warriors
  A hell beast (Depths:3)
  9 centaur warriors
  43 vault guards
  4 anacondas
  A fenstrider witch skeleton (Crypt:1)
  6 ironbound frosthearts
  4 death knights
  A ghost crab (Swamp:3)
  15 dancing weapons
  5 tengu warriors
  10 death yaks
  10 vampire magi
  6 deep troll earth magi
  9 deep troll shamans
  A hell hog (Volcano)
  A death scarab (Zig:1)
  11 alligators
  5 orc high priests
  A titan zombie (Crypt:3)
  A two-headed ogre (shapeshifter) (Vaults:5)
  2 thrashing horrors (Zig:8)
  7 two-headed ogres
  4 ironbound beastmasters (Vaults:3)
  A shock serpent (shapeshifter) (Vaults:5)
  8 shock serpents
  7 hell knights
  5 spriggan berserkers
  14 naga sharpshooters
  14 deep elf knights
  Nergalle (D:10)
  A fire crab (shapeshifter) (Elf:3)
  A wretched star (Zig:8)
  4 soul eaters
  A salamander mystic (Snake:4)
  6 goliath frogs
  A spark wasp zombie (Crypt:1)
  26 skeletal warriors
  A golden dragon zombie (Crypt:3)
  A fire crab (Volcano)
  A swamp dragon (shapeshifter) (Vaults:5)
  66 deep trolls
  14 iron trolls
  An unseen horror (shapeshifter) (D:13)
  6 swamp dragons
  7 sea snakes
  2 orange crystal statues (Zig:5)
  3 death drakes
  10 bog bodies
  A torturous demonspawn (Zig:3)
  4 spriggan druids (Swamp:4)
  4 phantasmal warriors
  3 flayed ghosts
  A tengu zombie (Depths:2)
  14 naga ritualists
  5 glowing orange brains
  2 obsidian statues
  19 ironbound convokers
  A shadow dragon zombie (Crypt:3)
  14 deep elf archers
  4 harpies (Vaults:1)
  5 wizards
  An iron giant skeleton (Crypt:2)
  9 necromancers
  A fire giant zombie (Crypt:1)
  7 orc knights
  30 deep elf pyromancers
  A fenstrider witch simulacrum (Swamp:2)
  19 mana vipers
  9 lindwurms
  13 ugly things
  An orb spider (Zig:7)
  11 orc sorcerers
  A stone giant zombie (Depths:2)
  2 wolf spiders
  23 deep elf zephyrmancers
  4 shining eyes
  2 manticores (D:15)
  An oklob plant (Orc:2)
  A worldbinder (Zig:8)
  100 slime creatures
  Maurice (D:8)
  6 apocalypse crabs
  9 salamanders
  4 will-o-the-wisps
  7 guardian serpents
  5 cyclopes
  23 vault sentinels
  Joseph (D:7)
  A rust devil (Depths:3)
  14 elephants
  10 torpor snails
  51 black mambas
  An iron dragon skeleton (Depths:2)
  A dire elephant zombie (Crypt:2)
  A smoke demon (Zig:8)
  6 orange demons
  An ice statue (Zig:5)
  20 cane toads
  A centaur skeleton (D:12)
  A yellow draconian zombie (Crypt:2)
  16 naga magi
  2 gargoyles
  27 yaktaurs
  2 eyes of devastation
  2 efreet
  5 rime drakes
  9 komodo dragons
  4 anaconda simulacra (IceCv)
  11 freezing wraiths
  2 harpy zombies
  A dire elephant skeleton (Crypt:3)
  4 tengu conjurers
  2 hellwings (Swamp:4)
  5 demonic crawlers
  7 ice devils (IceCv)
  A white draconian skeleton (Crypt:1)
  4 kobold demonologists
  A queen ant zombie (Crypt:1)
  A spriggan skeleton (Swamp:2)
  3 wind drakes (WizLab)
  2 jumping spiders
  12 tyrant leeches
  17 polar bears
  A wolf spider simulacrum (IceCv)
  A merfolk (shapeshifter) (Depths:4)
  7 trolls
  Prince Ribbit (D:5)
  23 hornets
  15 blink frogs
  8 dream sheep (Lair:6)
  3 raiju
  A satyr zombie (Crypt:1)
  47 flying skulls
  A spriggan (shapeshifter) (D:15)
  18 air elementals
  A satyr skeleton (Crypt:2)
  7 redbacks
  19 spriggans
  4 shadows
  2 tarantellas
  3 dire elephant simulacra (IceCv)
  56 yaks
  3 fire bats (Volcano)
  6 wraiths
  7 wyverns
  11 humans (D:14)
  2 neqoxecs
  3 fire elementals
  13 water elementals
  6 basilisks
  Eustachio (D:5)
  A golden eye (shapeshifter) (Vaults:5)
  2 vampire mosquitoes (D:12)
  8 wargs
  3 chaos spawn (Swamp:4)
  2 steam dragons (Volcano)
  A harpy simulacrum (IceCv)
  63 nagas
  A soldier ant (D:12)
  19 swamp worms
  2 iron troll simulacra (IceCv)
  2 acid dragons
  A faun zombie (Crypt:2)
  3 large abominations (Zig:8)
  Edmund (D:5)
  14 hell hounds
  A soldier ant (shapeshifter) (D:14)
  21 water moccasins
  3 hydra simulacra (IceCv)
  A swamp drake (Swamp:1)
  A merfolk skeleton (Crypt:2)
  A floating eye (shapeshifter) (Vaults:5)
  2 floating eyes (Depths:4)
  22 orc warriors
  A snapping turtle zombie (Crypt:3)
  12 black bears
  An ice beast (Elf:1)
  2 ettin simulacra (IceCv)
  6 sky beasts
  2 alligator simulacra (IceCv)
  2 necrophages (Crypt:3)
  13 ogres
  A snapping turtle skeleton (Crypt:3)
  40 wolves
  10 centaurs
  A rime drake zombie (Crypt:2)
  6 phantoms
  2 kobold brigands
  A salamander zombie (Crypt:1)
  25 bullfrogs
  2 earth elementals
  A wyvern skeleton (D:8)
  A water moccasin skeleton (D:8)
  A scorpion (D:5)
  2 troll zombies (D:10)
  10 killer bees
  A polar bear skeleton (Crypt:1)
  9 wights
  3 howler monkeys (D:9)
  10 electric eels
  3 bullfrog zombies
  2 basilisk zombies
  3 draconian simulacra (IceCv)
  5 lava snakes (Volcano)
  2 centaur zombies
  6 jellies
  16 orc priests
  5 bullfrog skeletons
  2 hounds
  A demonspawn skeleton (Crypt:2)
  Terence (D:2)
  12 human skeletons (Vaults:4)
  4 iguanas
  19 orc wizards
  5 worker ants
  2 polar bear simulacra (IceCv)
  2 troll simulacra (IceCv)
  2 spriggan simulacra (IceCv)
  2 killer bee zombies (D:10)
  7 ogre zombies
  A centaur simulacrum (IceCv)
  4 hound zombies
  A howler monkey zombie (D:5)
  A worker ant zombie (D:10)
  11 adders
  A naga simulacrum (IceCv)
  12 river rats (D:8)
  19 white imps
  9 ufetubi
  10 oozes
  An adder skeleton (D:8)
  12 worms
  3 dart slugs
  59 orcs
  10 removed leopard geckos
  3 ball pythons
  A bat skeleton (Crypt:2)
  12 giant cockroaches
  A goblin (D:1)
  7 hobgoblins
  8 jackals
  13 kobolds
  2 quokkas
  A river rat zombie (Crypt:1)
  11 bats
  3 frilled lizards
  3 goblin zombies (D:10)
  4 hobgoblin zombies (D:10)
  2 orc skeletons (D:10)
  16 orc zombies (D:10)
  17 rats
  A bush (Depths:3)
2414 creatures vanquished.

Vanquished Creatures (collateral kills)
  A quicksilver dragon (Vaults:5)
  A fire giant (Depths:5)
  A vault warden (Vaults:5)
  A stone giant (Vaults:5)
4 creatures vanquished.

Vanquished Creatures (others)
  A deep elf elementalist (Elf:3)
  2 vault guards (Vaults:5)
  A yaktaur captain (Vaults:5)
  A tengu warrior (Depths:1)
  A deep elf knight (Elf:3)
  A wizard (D:13)
  A bloated husk (Swamp:3)
  A spriggan (Swamp:1)
  An orc wizard (Orc:2)
  An orc (Orc:1)
  9 demonic plants (Gauntlet)
  16 foxfires
  17 fungi
  106 plants
159 creatures vanquished.

Grand Total: 2577 creatures vanquished

Notes
Turn   | Place    | Note
-------+----------+-------------------------------------------
     0 | D:1      | tsouns the Formicid Wanderer began the quest for the Orb.
     0 | D:1      | tsouns set off with the following items: a +2 mace, a +0
                  | hand axe, a +0 ring mail
     0 | D:1      | Reached XP level 1. HP: 16/16 MP: 1/1
   195 | D:1      | Reached XP level 2. HP: 23/23 MP: 2/2
   416 | D:1      | Reached XP level 3. HP: 27/28 MP: 3/3
  1035 | D:2      | Reached skill level 3 in Fighting
  1289 | D:2      | Reached XP level 4. HP: 20/35 MP: 4/4
  1355 | D:2      | Noticed Terence
  1375 | D:2      | Killed Terence
  2095 | D:2      | Found Emyomaz's Antique Armour Shop.
  2144 | D:3      | Reached XP level 5. HP: 41/41 MP: 5/5
  2156 | D:3      | Found a glowing golden altar of the Shining One.
  2264 | D:3      | Found a glowing drain.
  2292 | Sewer    | Entered a sewer
  3267 | D:3      | Reached XP level 6. HP: 48/48 MP: 6/6
  3350 | D:3      | Reached skill level 4 in Fighting
  4410 | D:5      | Entered Level 5 of the Dungeon
  4435 | D:5      | Noticed Prince Ribbit
  4514 | D:5      | Found a blossoming altar of Fedhas.
  4544 | D:5      | Noticed Eustachio
  4561 | D:5      | Killed Eustachio
  4562 | D:5      | Reached skill level 5 in Maces & Flails
  4562 | D:5      | Reached XP level 7. HP: 47/55 MP: 7/7
  4626 | D:5      | Killed Prince Ribbit
  4627 | D:5      | Reached skill level 5 in Fighting
  4989 | D:5      | Reached XP level 8. HP: 63/63 MP: 8/8
  5067 | D:5      | Noticed Edmund
  5090 | D:5      | Killed Edmund
  5224 | D:5      | Found a sparkling altar of Nemelex Xobeh.
  5240 | D:5      | Reached skill level 6 in Fighting
  5510 | D:6      | Found a transporter.
  5704 | D:6      | Found a broken altar of Ashenzari.
  5711 | D:6      | Became a worshipper of Ashenzari the Shackled
  5744 | D:6      | Reached XP level 9. HP: 65/71 MP: 9/9
  5798 | D:6      | Identified the +3 leather armour "Wiplos" {rF+}
  5948 | D:6      | Found a transporter.
  6069 | D:6      | Reached skill level 7 in Fighting
  6343 | D:7      | Found a white marble altar of Elyvilon.
  6464 | D:6      | Reached skill level 8 in Fighting
  6632 | D:7      | Noticed Joseph
  6794 | D:7      | Found a staircase to the Ecumenical Temple.
  6827 | D:7      | Reached XP level 10. HP: 75/80 MP: 10/10
  6862 | D:7      | Found an ancient bone altar of Kikubaaqudgha.
  6940 | D:7      | Killed Joseph
  6976 | D:7      | Noticed a moth of wrath
  6979 | D:7      | Found a bloodstained altar of Trog.
  6980 | D:7      | Identified the +9 morningstar "Koig" {pain, Will++ Str+3}
  7281 | D:8      | Reached skill level 10 in Maces & Flails
  7282 | D:8      | Found a stormy altar of Qazlal.
  7418 | D:8      | Reached skill level 9 in Fighting
  7437 | D:8      | Noticed Maurice
  7474 | D:8      | Killed Maurice
  7729 | D:8      | Found a shimmering blue altar of Sif Muna.
  7998 | D:9      | Reached * piety under Ashenzari
  8239 | D:9      | Reached XP level 11. HP: 90/90 MP: 11/11
  8375 | D:9      | Identified the +5 hand axe "Roig" {freeze, Dex+4}
  8391 | D:9      | Reached skill level 10 in Fighting
  8391 | D:9      | Reached skill level 1 in Evocations
  8625 | D:10     | Entered Level 10 of the Dungeon
  8701 | D:10     | Found a staircase to the Orcish Mines.
  8844 | D:10     | Noticed Nergalle
  8858 | D:10     | Killed Nergalle
  9288 | D:10     | Identified the amulet "Xealem" {Acrobat rElec Stlth+}
  9309 | D:10     | Reached ** piety under Ashenzari
  9426 | Orc:1    | Entered Level 1 of the Orcish Mines
  9430 | Orc:1    | Noticed an orc sorcerer
  9433 | Orc:1    | Noticed an orc sorcerer
  9565 | D:10     | Killed an orc sorcerer
  9575 | Orc:1    | Killed an orc sorcerer
  9576 | Orc:1    | Reached skill level 10 in Armour
  9598 | Orc:1    | Reached skill level 1 in Dodging
  9901 | Orc:1    | Noticed an orc sorcerer
  9906 | Orc:1    | Noticed an orc sorcerer
  9909 | Orc:1    | Noticed an orc high priest
  9931 | Orc:1    | Killed an orc sorcerer
  9938 | Orc:1    | Killed an orc sorcerer
 10034 | Orc:1    | Killed an orc high priest
 10270 | Orc:2    | Entered Level 2 of the Orcish Mines
 10290 | Orc:2    | Found a staircase to the Elven Halls.
 10430 | Orc:2    | Reached XP level 12. HP: 86/99 MP: 12/12
 10549 | Orc:2    | Noticed an orc high priest
 10554 | Orc:2    | Noticed an orc high priest
 10561 | Orc:2    | Killed an orc high priest
 10562 | Orc:2    | Reached skill level 11 in Fighting
 10605 | Orc:2    | Killed an orc high priest
 10606 | Orc:2    | Reached skill level 5 in Evocations
 10863 | Orc:2    | Noticed an orc high priest
 10966 | Orc:1    | Killed an orc high priest
 11751 | D:11     | Noticed a two-headed ogre
 11752 | D:11     | Found a portal to a secret trove of treasure.
 11759 | D:11     | Killed a two-headed ogre
 11986 | D:11     | Found a staircase to the Lair.
 12048 | Lair:1   | Entered Level 1 of the Lair of Beasts
 12306 | Lair:1   | Reached XP level 13. HP: 95/107 MP: 13/13
 12417 | Lair:1   | Reached *** piety under Ashenzari
 13111 | Lair:2   | Reached skill level 1 in Necromancy
 13182 | Lair:2   | Reached skill level 5 in Dodging
 13185 | Lair:2   | Reached skill level 12 in Fighting
 13271 | Lair:2   | Identified the +6 mace of Adiomma {speed, +Blink MP+9 Int+5
                  | Stlth-}
 13273 | Lair:2   | Noticed a six-headed hydra
 13282 | Lair:2   | Killed a six-headed hydra
 14151 | D:2      | Bought steaming swamp dragon scales for 1375 gold pieces
 14151 | D:2      | Identified the +1 swamp dragon scales of Qazlal's
                  | Displeasure {rPois Dex+3} (You bought it in a shop on level
                  | 2 of the Dungeon)
 14462 | Lair:3   | Found a dark tunnel.
 14470 | Volcano  | Entered a volcano
 14570 | Volcano  | Found a burning altar of Makhleb.
 14668 | Volcano  | Gained mutation: Scrolls take you a little longer to read.
                  | [a neqoxec]
 14673 | Volcano  | Gained mutation: You are dopey. (Int -2) [a neqoxec]
 14896 | Lair:3   | Found a staircase to the Snake Pit.
 15252 | Lair:3   | Reached XP level 14. HP: 89/116 MP: 14/14
 15277 | Lair:3   | Reached **** piety under Ashenzari
 15407 | Lair:3   | You fall into a shaft and drop 3 floors!
 15407 | Lair:6   | Entered Level 6 of the Lair of Beasts
 15712 | Lair:6   | Reached skill level 5 in Necromancy
 15805 | Lair:6   | Reached skill level 13 in Fighting
 16194 | Lair:6   | Reached XP level 15. HP: 125/129 MP: 15/15
 16935 | Lair:6   | Found a runed translucent door.
 17331 | Lair:5   | Reached skill level 15 in Maces & Flails
 17331 | Lair:5   | Reached XP level 16. HP: 136/136 MP: 16/16
 17679 | Lair:5   | Found a staircase to the Slime Pits.
 17816 | Lair:5   | Reached ***** piety under Ashenzari
 18757 | Lair:3   | Found a staircase to the Swamp.
 19101 | D:12     | Reached skill level 14 in Fighting
 19138 | D:12     | Reached XP level 17. HP: 151/151 MP: 18/18
 19262 | D:12     | Identified the ring of the Duchess {+Fly Str+3}
 19327 | D:12     | Found an iron altar of Okawaru.
 19935 | D:13     | Reached skill level 5 in Shields
 19961 | D:13     | Found a gate leading to a gauntlet.
 19994 | D:13     | Found a corrupted altar of Lugonu.
 19997 | Gauntlet | Entered a Gauntlet
 19997 | Gauntlet | Found a transporter.
 19997 | Gauntlet | Found a transporter.
 19997 | Gauntlet | Identified the Tome of Flamy Earth
 20032 | Gauntlet | Found a transporter.
 20036 | Gauntlet | Found a transporter.
 20046 | Gauntlet | Found a transporter.
 20050 | Gauntlet | Found a transporter.
 20060 | Gauntlet | Found a transporter.
 20081 | Gauntlet | Found a transporter.
 20098 | Gauntlet | Found a transporter.
 20102 | Gauntlet | Found a transporter.
 20114 | Gauntlet | Found a transporter.
 20116 | Gauntlet | Found a transporter.
 20313 | Gauntlet | Identified Okih's Disquisition on Hexes
 20313 | Gauntlet | Identified the Compendium of Fiery Arcane Weapons
 20394 | D:13     | Noticed a tengu reaver
 20394 | D:13     | Noticed a sphinx
 20397 | D:13     | Noticed a tengu reaver
 20402 | D:13     | Killed a sphinx
 20413 | D:13     | Killed a tengu reaver
 20434 | D:13     | Killed a tengu reaver
 20748 | D:13     | Identified the +3 rapier of Joyful Slaughter {drain, *Noise
                  | Dex+5}
 21240 | D:14     | Found a gate to the Vaults.
 21369 | D:14     | Found a frozen archway.
 21530 | D:14     | Found a sparkling altar of Nemelex Xobeh.
 21802 | D:15     | Entered Level 15 of the Dungeon
 21802 | D:15     | Found a blossoming altar of Fedhas.
 21837 | D:15     | Found Tixis's Weapon Shoppe.
 21866 | D:15     | Found Muebbuos's Jewellery Emporium.
 21916 | D:15     | Found Qoagupia's Magic Scroll Shoppe.
 21951 | D:15     | Found a staircase to the Depths.
 21960 | D:15     | Bought a scroll of brand weapon for 360 gold pieces
 21960 | D:15     | Bought a scroll of enchant armour for 135 gold pieces
 21982 | D:15     | Found Ejon's Distillery.
 21993 | D:15     | Found Japua's Antique Armour Boutique.
 22000 | D:15     | Bought a potion of heal wounds for 75 gold pieces
 22000 | D:15     | Bought a potion of heal wounds for 75 gold pieces
 22013 | D:15     | Bought a pair of embroidered boots for 232 gold pieces
 22113 | D:15     | Reached skill level 15 in Fighting
 22118 | D:15     | Reached skill level 10 in Dodging
 22203 | D:15     | Found a hazy altar of Hepliaklqana.
 22582 | Orc:2    | Reached XP level 18. HP: 160/164 MP: 19/19
 22643 | Orc:2    | Found Soeqaynn's Antique Armour Emporium.
 22647 | Orc:2    | Found Suistuimn's Book Boutique.
 22652 | Orc:2    | Found Wurgh's Antique Armour Boutique.
 22656 | Orc:2    | Found Wuorchon's General Store.
 22676 | Orc:2    | Noticed Rupert
 22685 | Orc:2    | Bought a pair of faintly glowing gloves for 332 gold pieces
 22685 | Orc:2    | Identified the +1 pair of gloves of Pan-Flutes {*Contam
                  | Str+8 Dex+3} (You bought it in a shop on level 2 of the
                  | Orcish Mines)
 22778 | Orc:2    | Killed Rupert
 23029 | Snake:1  | Entered Level 1 of the Snake Pit
 23112 | Snake:1  | Reached skill level 15 in Armour
 23249 | Snake:1  | Found Peqoni's General Store.
 24392 | Snake:2  | Reached skill level 10 in Shields
 24431 | Snake:2  | Noticed Asterion
 24446 | Snake:2  | Gained mutation: Your spells are a little easier to cast,
                  | but a little less powerful. [a cacodemon]
 24449 | Snake:2  | HP: 8/168 [Asterion/+1 morningstar of pain (8)]
 24450 | Snake:2  | You fall into a shaft and drop 1 floor!
 24782 | Snake:2  | Killed Asterion
 25279 | Snake:2  | Found a transporter.
 25418 | Snake:3  | Reached XP level 19. HP: 86/176 MP: 12/20
 25426 | Snake:3  | Noticed Louise
 25433 | Snake:3  | HP: 3/176 [Louise/bolt of lightning (28)]
 25659 | Snake:3  | Reached skill level 16 in Fighting
 25667 | Snake:3  | Found Bininkur's Jewellery Shop.
 25672 | Snake:3  | Found Wiekkih's Jewellery Shop.
 25672 | Snake:3  | Found Qieqezav's Book Emporium.
 26179 | Snake:4  | Entered Level 4 of the Snake Pit
 26904 | Snake:4  | Found Ukeaphuv's Jewellery Shop.
 26917 | Snake:4  | Found Xolucalo's Magic Scroll Boutique.
 27050 | Snake:4  | Noticed Vashnia
 27066 | Snake:4  | Lost mutation: You are dopey. (Int -2) [potion of mutation]
 27066 | Snake:4  | Lost mutation: Scrolls take you a little longer to read.
                  | [potion of mutation]
 27066 | Snake:4  | Lost mutation: Your spells are a little easier to cast, but
                  | a little less powerful. [potion of mutation]
 27066 | Snake:4  | Gained mutation: Your spells are a little harder to cast,
                  | but a little more powerful. [potion of mutation]
 27066 | Snake:4  | Gained mutation: You are dopey. (Int -2) [potion of
                  | mutation]
 27066 | Snake:4  | Gained mutation: You are surrounded by a mild repulsion
                  | field. (EV +2) [potion of mutation]
 27073 | Snake:4  | Killed Louise
 27084 | Snake:4  | Killed Vashnia
 27639 | Snake:4  | Reached XP level 20. HP: 175/185 MP: 21/21
 27750 | Snake:4  | Got a serpentine rune of Zot
 28081 | Swamp:1  | Entered Level 1 of the Swamp
 28166 | Swamp:1  | Reached ****** piety under Ashenzari
 28178 | Swamp:1  | Identified the ring of Ivegoe Ufoif {Fire +Fly rN+ Will-}
 28610 | Swamp:1  | Upgraded the game from 0.27-a0-668-gb5737ff2c0 to
                  | 0.27-a0-679-g77a6b55cf3
 28933 | Swamp:2  | Noticed a tentacled monstrosity
 28935 | Swamp:2  | Found a transporter.
 28937 | Swamp:2  | Noticed a tentacled monstrosity
 28955 | Swamp:2  | Found a transporter.
 29288 | Swamp:3  | Noticed Jorgrun
 29338 | Swamp:3  | Noticed Bai Suzhen
 29364 | Swamp:2  | Killed Bai Suzhen
 29409 | Swamp:3  | Noticed Roxanne
 29425 | Swamp:3  | Killed Roxanne
 29475 | Swamp:3  | Killed Jorgrun
 29626 | Swamp:3  | Reached skill level 17 in Fighting
 29670 | Swamp:3  | Noticed Donald
 29682 | Swamp:3  | Killed Donald
 29703 | Swamp:3  | Noticed a tentacled monstrosity
 29717 | Swamp:3  | Killed a tentacled monstrosity
 29979 | Swamp:4  | Entered Level 4 of the Swamp
 30115 | Swamp:4  | Reached XP level 21. HP: 195/195 MP: 22/22
 30187 | Swamp:4  | Found a large runed translucent door.
 30187 | Swamp:4  | Found a large runed translucent door.
 30198 | Swamp:4  | Noticed rigao's ghost (adept DrCK)
 30199 | Swamp:4  | Identified the ring of Byff {*Drain rF+ rC+ Will+++ rCorr}
 30230 | Swamp:4  | Killed rigao's ghost
 30421 | Swamp:4  | Reached skill level 10 in Necromancy
 30687 | Swamp:4  | Identified the Guide on Supportive Transmigration
 30946 | Swamp:4  | Got a decaying rune of Zot
 31374 | Vaults:1 | Entered Level 1 of the Vaults
 31753 | Vaults:1 | Reached skill level 1 in Spellcasting
 32134 | Vaults:1 | Reached skill level 10 in Evocations
 32141 | Vaults:1 | Reached XP level 22. HP: 164/201 MP: 32/32
 34256 | Vaults:3 | Found a staircase to the Crypt.
 34530 | Vaults:3 | Reached skill level 18 in Fighting
 34893 | Vaults:3 | Noticed Boris
 34904 | Vaults:3 | Killed Boris
 35043 | Vaults:4 | Reached XP level 23. HP: 160/209 MP: 38/38
 35531 | Vaults:4 | Reached skill level 5 in Spellcasting
 36013 | Vaults:4 | Found Vupul's Jewellery Shop.
 36590 | Elf:1    | Entered Level 1 of the Elven Halls
 36754 | Elf:1    | Found a frozen archway.
 36761 | IceCv    | Entered an ice cave
 37230 | IceCv    | Identified the Incunabulum of the Doomed Glacier
 37844 | Elf:1    | Identified the Tome of Creative Confrontation
 37894 | Elf:1    | Reached skill level 15 in Shields
 38100 | Elf:2    | Reached XP level 24. HP: 218/218 MP: 40/40
 38180 | Elf:2    | Found a runed translucent gate.
 38180 | Elf:2    | Found a runed translucent gate.
 38181 | Elf:2    | Found a runed translucent gate.
 38299 | Elf:3    | Entered Level 3 of the Elven Halls
 38425 | Elf:3    | Found Mogoaco's Antique Armour Boutique.
 39060 | Elf:3    | Identified the ring "Keciveot" {Int+4 Slay+4}
 39073 | Elf:3    | Identified the ring of the Turtledove {Will+ Str+3 Int+4
                  | Dex+6 Slay+2}
 39234 | Elf:3    | Identified the ring "Qich" {MP+9 Dex+4}
 39246 | Elf:3    | Identified the amulet "Jekut" {Reflect rPois rF- rN+ Will++
                  | SH+5}
 39250 | Elf:3    | Identified the +4 shortbow of the Middle {flame, Dex+7}
 39250 | Elf:3    | Identified the Incunabulum of Doomed Stones
 39251 | Elf:3    | Identified the ring of Hospitality {rF+ Str+4 Int+6 Dex-4
                  | Stlth+}
 39265 | Elf:3    | Identified the Grimoire of Vitriolic Earth
 39265 | Elf:3    | Identified the Grimoire of Transmutation and Fire
 39374 | Elf:3    | Identified the +4 scale mail "Deliusch" {rN+ Int+3}
 39901 | Depths:1 | Entered Level 1 of the Depths
 40125 | Depths:1 | Noticed Nikola
 40138 | Depths:1 | Killed Nikola
 40243 | Depths:1 | Found a gateway to Hell.
 40429 | Depths:1 | Found a one-way gate to the infinite horrors of the Abyss.
 40643 | Depths:2 | Reached skill level 19 in Fighting
 40709 | Depths:1 | Upgraded the game from 0.27-a0-679-g77a6b55cf3 to
                  | 0.27-a0-681-g0c81a3c1c3
 40714 | Depths:1 | Reached XP level 25. HP: 218/221 MP: 40/40
 41938 | Depths:3 | Found Wicywuj's General Store.
 41943 | Depths:3 | Found Puloom's Weapon Shoppe.
 42367 | Depths:3 | Noticed Aizul
 42381 | Depths:3 | Killed Aizul
 42394 | Depths:3 | Found a one-way gate leading to the halls of Pandemonium.
 42672 | Depths:4 | Found Exytriy's Jewellery Boutique.
 42684 | Depths:4 | Learned a level 6 spell: Death Channel
 42690 | Depths:4 | Learned a level 5 spell: Borgnjor's Vile Clutch
 42788 | Depths:4 | Found a corrupted altar of Lugonu.
 43012 | Depths:4 | Identified the +6 chain mail of Naseweso {rC+}
 43146 | Depths:4 | Found a gateway to a ziggurat.
 43169 | Depths:4 | Gained mutation: Your magical capacity is low. (-10% MP) [a
                  | shining eye]
 43188 | Depths:4 | Identified the Incunabulum of Mutagenic Flames
 43643 | Depths:5 | Entered Level 5 of the Depths
 43667 | Depths:5 | Reached skill level 15 in Dodging
 43670 | Depths:5 | Reached XP level 26. HP: 164/229 MP: 37/37
 43776 | Depths:5 | Identified a scroll of acquirement
 43793 | Depths:5 | Acquired 783 gold pieces
 43904 | Depths:5 | Noticed Jory
 43925 | Depths:5 | Killed Jory
 44088 | Depths:5 | Found a gate to the Realm of Zot.
 44889 | Vaults:5 | Entered Level 5 of the Vaults
 44900 | Vaults:5 | Reached skill level 1 in Throwing
 44900 | Vaults:5 | Reached skill level 10 in Spellcasting
 44909 | Vaults:5 | Identified the ring of Lumuore {Fire Will+++ Dex+4 Slay-2
                  | SInv}
 44979 | Vaults:5 | Identified the amulet of Conformity {RegenMP rF+ Str+5
                  | Int-2}
 45077 | Vaults:5 | Reached XP level 27. HP: 63/240 MP: 38/38
 45168 | Vaults:5 | Reached skill level 20 in Fighting
 45463 | Vaults:5 | Noticed an ancient lich
 45478 | Vaults:5 | Killed an ancient lich
 45617 | Vaults:5 | Identified the +7 battleaxe of Vusifice {protect, *Noise
                  | rElec rN+++ Str-4}
 45617 | Vaults:5 | Identified the ring "Sateuwna" {rElec Slay+4 SInv}
 45749 | Vaults:5 | Got a silver rune of Zot
 45817 | Vaults:5 | Reached skill level 5 in Throwing
 45976 | Vaults:5 | Identified the +9 quarterstaff of the Screaming Pariah
                  | {vamp, Dex+2}
 46037 | Vaults:5 | Identified the ring of Beogh's Approval {rElec rPois Will+
                  | Str+6}
 46106 | Vaults:5 | Identified the +4 mace of Qimiub {venom, Dex+3}
 46366 | Vaults:5 | Noticed a dread lich
 46381 | Vaults:5 | Killed a dread lich
 46881 | Slime:1  | Entered Level 1 of the Pits of Slime
 47302 | Slime:5  | Entered Level 5 of the Pits of Slime
 47319 | Slime:5  | Identified the +9 hand axe "Noon" {flame, Int+4 Dex+5}
 47320 | Slime:5  | Found the +8 arc blade {discharge, rElec}
 47335 | Slime:5  | Noticed the Royal Jelly
 47358 | Slime:5  | Identified the Collected Works on Flames and the Voyage
 47363 | Slime:5  | Killed the Royal Jelly
 47382 | Slime:5  | Identified the Reference Book on Shape Shifting
 47448 | Slime:5  | Got a slimy rune of Zot
 47481 | Slime:5  | Identified the +11 flail of the Equator {vorpal, +Rage
                  | rElec Str-4 Int+7}
 47955 | Crypt:1  | Entered Level 1 of the Crypt
 48118 | Crypt:1  | Identified the +1 scale mail of Honour {rF+}
 48364 | Crypt:1  | Noticed Boris
 48386 | Crypt:1  | Killed Boris
 48861 | Crypt:1  | Noticed an ancient lich
 48886 | Crypt:1  | Killed an ancient lich
 49768 | Crypt:2  | Found a magical portal.
 49791 | WizLab   | Entered The Chambers of the Cloud Mage
 50234 | WizLab   | Identified the Handbook of Weightlessness
 50235 | WizLab   | Identified the +8 quick blade "Unig Soff" {drain, rN+ Str+6
                  | Dex-3}
 50235 | WizLab   | Identified the Guide on Warped Battle Magic
 50439 | Crypt:2  | Found a runed translucent gate.
 50439 | Crypt:2  | Found a runed translucent gate.
 50439 | Crypt:2  | Found a runed translucent gate.
 50439 | Crypt:2  | Noticed Titucsi's ghost (adept GrFi)
 50606 | Crypt:3  | Entered Level 3 of the Crypt
 50893 | Crypt:3  | Found the +8 Vampire's Tooth {vamp}
 51169 | Crypt:3  | Noticed Boris
 51291 | Crypt:3  | Noticed a dread lich
 51304 | Crypt:3  | Killed a dread lich
 51416 | Crypt:3  | Identified the ring of Nujeod {rN+ Stlth+}
 51416 | Crypt:3  | Identified the ring "Cigy" {+Inv rN+}
 51416 | Crypt:3  | Identified the ring "Igukk" {rN+ Will+ Int+6 Slay-3}
 51502 | Crypt:3  | Found a basalt altar of Yredelemnul.
 51556 | Crypt:3  | Killed Boris
 51675 | Crypt:3  | Found a staircase to the Tomb.
 51855 | Crypt:3  | Upgraded the game from 0.27-a0-681-g0c81a3c1c3 to
                  | 0.27-a0-705-ga0013940fb
 52176 | Zig:1    | Entered Level 1 of a ziggurat
 52191 | Zig:1    | Reached skill level 21 in Fighting
 52204 | Zig:2    | Entered Level 2 of a ziggurat
 52297 | Zig:3    | Entered Level 3 of a ziggurat
 52300 | Zig:3    | Noticed Ducerubo the pandemonium lord
 52328 | Zig:3    | Killed Ducerubo the pandemonium lord
 52357 | Zig:3    | Learned a level 1 spell: Animate Skeleton
 52362 | Zig:3    | Learned a level 4 spell: Animate Dead
 52364 | Zig:3    | Learned a level 1 spell: Apportation
 52367 | Zig:3    | Learned a level 2 spell: Passwall
 52369 | Zig:4    | Entered Level 4 of a ziggurat
 52403 | Zig:4    | Reached skill level 5 in Stealth
 52403 | Zig:4    | Reached skill level 15 in Evocations
 52431 | Zig:5    | Entered Level 5 of a ziggurat
 52438 | Zig:5    | Noticed an orb of fire
 52476 | Zig:5    | Identified the ring "Otrihokkukh" {*Contam rF+++ Int+6
                  | Dex+2 Stlth+}
 52477 | Zig:5    | Identified the +8 battleaxe of Embarrassment {freeze, rElec
                  | Will+ Int+2 Dex-5}
 52508 | Zig:6    | Entered Level 6 of a ziggurat
 52690 | Zig:7    | Entered Level 7 of a ziggurat
 52897 | Zig:8    | Entered Level 8 of a ziggurat
 52903 | Zig:8    | Identified the +6 long sword of the Magic Mushroom {venom,
                  | rC+}
 52975 | Zig:8    | Identified the Reference Book on Supportive Execration
 52999 | Zig:9    | Entered Level 9 of a ziggurat
 53007 | Zig:9    | Identified the +9 quarterstaff "Macaish" {holy, Will+
                  | Str+3}
 53007 | Zig:9    | Identified the +6 spear of Freezing Subterfuge {flame, +Inv
                  | rN++}
 53020 | Zig:9    | Noticed Ecveezen the pandemonium lord
 53023 | Zig:9    | HP: 12/242 [infernal blood saint/iceblast (14)]
 53023 | Zig:9    | Killed from afar by an infernal blood saint

Illustrated notes

Levels and vault maps discovered:
D:1:      nicolae_arrival_memento_mori, layout_basic
D:2:      layout_loops_ring, serial_shops, shop, minmay_close_crescents,
          uniq_terence
D:3:      layout_loops_corners, nicolae_overflow_crystal_walls,
          gup_sewer_entry_pipe
D:4:      layout_rooms
D:5:      wad_lake_hut, layout_rooms, fedhas_ov_isle_minmay,
          nemelex_dance_club_becter, uniq_edmund, uniq_prince_ribbit1,
          uniq_eustachio
D:6:      gammafunk_steamed_eel, layout_loops_corners,
          chequers_serial_rivers_micro_b, cheibrodos_ashenzari_chains
D:7:      layout_rooms, old_standard_altar, tgw_trog,
          minmay_temple_entry_drinking_statues, basic_altar,
          chequers_serial_rivers_large_a, uniq_joseph
D:8:      layout_basic, nicolae_qazlal_general_emergency, led_sif_pool,
          dk_rats_in_the_wall, uniq_maurice
D:9:      layout_cave_pods, serial_park, serial_park_tiny_1, serial_park_gazebo
          [serial_park_minivault_5x5_5]
D:10:     layout_roguey, zombieorc2_lemuel, uniq_nergalle
D:11:     layout_cave_pods, lair_entry_dummy, nicolae_trove_entry_crossroad,
          chequers_serial_rivers_micro_d
D:12:     minmay_goldmine, layout_loops_ring, basic_altar
D:13:     minmay_bad_star, layout_stronghold, gauntlet_entry_generic,
          tgw_lugonu_bribe
D:14:     layout_roguey, ximxim_vaults_locker_room, chequers_garden,
          basic_altar, portal_ice_cave_entry_imps
D:15:     hangedman_depths_entry_try_elsewhere_first, layout_rooms,
          serial_shops, shop, shop_fountains, shop_statue, shop,
          nicolae_shop_statue_plus, nicolae_hepliaklqana_hippocampus,
          basic_altar, grunt_ministairs_1
Lair:1:   kb_forest_paths, layout_chaotic_city, serial_bayou_pond_e,
          serial_bayou_lagoon_a
Lair:2:   layout_loops_ring
Lair:3:   nzn_winding_woodlands_stair_cross
          [nzn_winding_woodlands_5x15_sidewinder,
          nzn_winding_woodlands_center_lodge,
          nzn_winding_woodlands_5x15_pathside_ponds,
          nzn_winding_woodlands_5x5_perimeter,
          nzn_winding_woodlands_5x5_default, nzn_winding_woodlands_5x15_twine,
          nzn_winding_woodlands_center_triple_pond,
          nzn_winding_woodlands_5x15_river_crossing], layout_small_grid,
          nicolae_swamp_entry_splash_gauntlet, minmay_snake_entry_spellcaster,
          lightli_volcano_entry_magma_tube
Lair:4:   layout_small_grid, minivault_26, lookout_lair_type
Lair:5:   layout_misc_corridors, nicolae_slime_entry_slimehenge,
          grunt_megastairs_5, lemuel_fruit_fields, lemuel_fruit_tree
Lair:6:   wormcave, layout_cave_pods, hangedman_lair_caniforms_friends,
          cheibrodos_lair_lostbears
Swamp:1:  layout_falls_marsh, evilmike_swamp_ruin_wall, swamp_pool4,
          infiniplex_staircase_pool_2
Swamp:2:  gammafunk_sealed_arena, layout_basic_swamp,
          evilmike_swamp_ruin_rubble_1, grunt_hermit_hut
Swamp:3:  layout_basic_swamp, nicolae_swamp_bean_lake, uniq_bai_suzhen,
          uniq_jorgrun, uniq_roxanne, uniq_donald
Swamp:4:  nzn_swamp_witches_coven, layout_basic_swamp,
          ebering_ghost_disaster_area
Snake:1:  layout_misc_corridors, serial_shops, shop, serial_bayou_pond_c,
          grunt_ministairs_6, serial_bayou_shore_a
Snake:2:  gammafunk_its_a_trap, layout_rooms, serial_bayou, serial_bayou_ford_a,
          serial_bayou_pond_a, serial_bayou_pond_d, serial_bayou_pond_d,
          serial_bayou_pond_c, serial_bayou_pond_b, uniq_asterion
Snake:3:  layout_misc_corridors, drop_trap, minmay_shop_grove, uniq_louise
Snake:4:  minmay_snake_end_coiled, layout_chambers, minmay_shoptagon,
          uniq_vashnia
Slime:1:  layout_caves
Slime:2:  layout_caves
Slime:3:  layout_caves, cheibrodos_slime_lost_civilization_6
Slime:4:  layout_caves
Slime:5
Orc:1:    layout_diamond_mine
Orc:2:    st_orc_elflike, layout_caves, mines3_lemuel, uniq_rupert
Elf:1:    elf_arrival_002, layout_rooms, portal_ice_cave_entry_horrid_things,
          minivault_28, st_stairs_11, grunt_ministairs_13, minmay_elf_sorcery
Elf:2:    layout_loops_ring
Elf:3:    minmay_elf_hall_statues, layout_onion_city, serial_shops,
          nicolae_shop_crystal
Vaults:1: v_misc_19, v_misc_22, v_misc_25, hangedman_vaults_trim,
          vaults_room_stairs_pillars, nicolae_vaults_three_branches,
          grunt_vaults_funnel, hangedman_vaults_variations,
          nicolae_vaults_bisected_exclaves, vaults_room_door_ring,
          vaults_room_hallway, vaults_room_semicircle, layout_vaults_omnicross
Vaults:2: ontoclasm_vaults_spin, v_misc_19, dpeg_vaults_monster_box,
          grunt_vaults_diagonal, v_misc_5, vaults_room_ringed_pool,
          vaults_room_door_ring, hangedman_vaults_nodes, hangedman_vaults_trim,
          layout_vaults_omnigrid
Vaults:3: vaults_mumra_minichess_inversion, ontoclasm_vaults_ligature,
          nicolae_vaults_network_periphery, v_rooms_6, vaults_room_semicircle,
          hangedman_vaults_river_flow, ontoclasm_vaults_ring_square,
          vaults_room_large_hall, minmay_crypt_entry_simple_corners,
          vaults_room_corners, grunt_vaults_hallway_short, v_misc_33,
          vaults_room_door_ring, layout_vaults_ring, uniq_boris
Vaults:4: nicolae_vaults_triangles, v_rooms_2, v_misc_4,
          dpeg_vaults_monster_row, nicolae_vaults_circle_grid_a,
          nicolae_vaults_an_arrangement, grunt_vaults_bifocal,
          vaults_dpeg_encased_lava, nicolae_vaults_mini_display_case, v_misc_33,
          v_misc_25, vaults_room_pools, layout_vaults_omnibox, serial_shops,
          shop
Vaults:5: serial_shops
Crypt:1:  grunt_deathspiral_small, layout_basic, grunt_crypt_arrival_webbed
Crypt:2:  layout_basic, mu_enter_wizlab_1, gammafunk_ghost_necromancy
Crypt:3:  cryptofortress_bobbens
Depths:1: layout_cave_pools, abyss_entry_glasseish,
          kennysheep_decorative_pillar, hell_entry, grunt_ministairs_10,
          grunt_decor_arrowhead, lemuel_nasty_fountain, uniq_nikola
Depths:2: hangedman_cross_stitches, layout_cave_pools,
          minmay_misc_feat_more_columns, grunt_hell_entry_dis_mu,
          minmay_misc_feat_alley
Depths:3: kennysheep_big_flooded_room, layout_gridlike, abyss_entry,
          rand_demon_pan_entry_1, hell_entry, minmay_hedge_maze,
          infiniplex_staircase_zigzag_5, minmay_shop_star, uniq_aizul
Depths:4: minmay_tri_box, layout_basic, enter_ziggurat_d,
          abyss_entry_flame_altar, hell_entry, chequers_hall_statues_y,
          serial_shops, shop, infiniplex_staircase_star
Depths:5: grunt_zot_entry_gee_three, layout_cave_pools, hell_entry, uniq_jory
Zig:9

Skill      XL: |  1  2  3  4  5  6  7  8  9 10 11 12 13 14 15 16 17 18 19 20 21 22 23 24 25 26 27 |
---------------+----------------------------------------------------------------------------------+-----
Maces & Flails | 2 3 4 5 6 8 9 10 11 12 13 14 15 16 17 18 19 20 | 20.6
Fighting       | 3 4 5 6 8 9 10 11 12 13 14 15 16 17 18 19 21 | 21.1
Shields        | 2 4 8 10 11 12 13 14 15 16 17 19 | 19.0
Armour         | 7 9 10 11 12 13 14 15 16 17 18 19 20 | 20.9
Evocations     | 4 6 7 8 10 11 12 13 15 | 15.2
Stealth        | 3 5 |  5.8
Dodging        | 2 4 6 7 8 10 11 12 13 14 15 16 | 16.8
Necromancy     | 3 5 6 7 8 9 10 11 12 13 14 | 14.8
Spellcasting   | 2 4 6 8 9 10 12 | 12.8
Throwing       | 3 8 |  8.7

Action                   |  1- 3 |  4- 6 |  7- 9 | 10-12 | 13-15 | 16-18 | 19-21 | 22-24 | 25-27 || total
-------------------------+-------+-------+-------+-------+-------+-------+-------+-------+-------++-------
Melee: Mace              |    81 |   216 |    60 |       |       |       |       |       |       ||   357
       Dire flail        |       |       |   156 |    22 |       |       |       |       |       ||   178
       Morningstar       |       |       |       |   605 |   818 |  1084 |  1125 |  1266 |  2289 ||  7187
Throw: Dart              |       |    13 |    41 |     9 |       |       |       |       |       ||    63
       Javelin           |       |       |       |       |       |       |       |       |    18 ||    18
 Cast: Death Channel     |       |       |       |       |       |       |       |       |     5 ||     5
Invok: Curse Item        |       |       |     1 |     2 |     3 |     4 |     4 |       |     1 ||    15
       Shatter the Chain |       |       |       |       |       |     3 |     2 |     1 |     1 ||     7
 Abil: Dig               |       |     1 |       |     6 |     8 |    18 |     7 |     2 |     9 ||    51
       Shaft Self        |       |       |       |       |     1 |     1 |       |       |       ||     2
Evoke: Wand              |       |       |       |    11 |     2 |     9 |     1 |    14 |     5 ||    42
       Condenser vane    |       |       |       |       |       |     2 |     2 |     4 |     6 ||    14
       Phial of floods   |       |       |       |       |       |       |       |       |     1 ||     1
  Use: Scroll            |       |     6 |       |       |       |       |       |       |    12 ||    18
       Potion            |       |     2 |     1 |     3 |     2 |     5 |     5 |     1 |    14 ||    33
 Stab: Invisible         |       |       |     1 |     3 |       |       |     1 |       |     1 ||     6
       Distracted        |       |       |       |       |     1 |     1 |     5 |     4 |     5 ||    16
       Paralysed         |       |       |       |       |       |     3 |       |       |       ||     3
       Sleeping          |       |       |       |       |       |       |    12 |    11 |    13 ||    36
Armor: Ring mail         |    25 |       |       |       |       |       |       |       |       ||    25
       Scale mail        |     7 |   150 |    34 |       |       |       |       |       |       ||   191
       Plate armour      |       |       |    44 |   232 |   373 |   358 |    47 |       |   338 ||  1392
       Swamp dragon scal |       |       |       |       |       |       |   243 |   239 |   235 ||   717
Dodge: Dodged            |    41 |   118 |    50 |   160 |   383 |   402 |   568 |   788 |  1654 ||  4164
Block: Buckler           |       |    21 |    45 |   132 |   211 |   326 |   380 |   543 |  1219 ||  2877

Table legend: (Time is in decaauts)
 A = Elapsed time spent in this place.
 B = Non-inter-level travel time spent in this place.
 C = Inter-level travel time spent in this place.
 D = Time resting spent in this place.
 E = Time spent auto-exploring this place.
 F = Levels seen in this place.
 G = Mean time per level.
                   A        B        C        D        E       F      G
               +--------+--------+--------+--------+--------+-----+--------+
         Total |  51737 |  46944 |   4793 |    604 |  30635 |  66 |  783.9 |
       Dungeon |  13909 |  12088 |   1821 |    119 |   9017 |  15 |  927.3 |
          Lair |   6593 |   5885 |    708 |      7 |   4267 |   6 | 1098.8 |
         Swamp |   3141 |   2953 |    188 |      0 |   1672 |   4 |  785.2 |
     Snake Pit |   4815 |   4629 |    186 |     23 |   2944 |   4 | 1203.8 |
    Slime Pits |    558 |    506 |     52 |      0 |      0 |   5 |  111.6 |
  Orcish Mines |   2092 |   1811 |    281 |    120 |    980 |   2 | 1046.0 |
   Elven Halls |   2469 |   2336 |    133 |      0 |   1372 |   3 |  823.0 |
        Vaults |   6931 |   5951 |    980 |     25 |   4028 |   5 | 1386.2 |
         Crypt |   3188 |   3089 |     99 |      0 |   1988 |   3 | 1062.7 |
        Depths |   4630 |   4288 |    342 |      0 |   3081 |   5 |  926.0 |
      Ziggurat |    795 |    795 |      0 |    141 |    195 |   9 |   88.3 |
         Sewer |    967 |    967 |      0 |      7 |    565 |   1 |  967.0 |
      Ice Cave |    488 |    488 |      0 |     97 |     12 |   1 |  488.0 |
       Volcano |    312 |    312 |      0 |     65 |     87 |   1 |  312.0 |
        Wizlab |    509 |    509 |      0 |      0 |    233 |   1 |  509.0 |
      Gauntlet |    332 |    332 |      0 |      0 |    191 |   1 |  332.0 |
               +--------+--------+--------+--------+--------+-----+--------+

Top non-repeatable levels by time:
  Lair:6: 1718 daAuts
 Snake:4: 1617 daAuts
Vaults:5: 1545 daAuts
Vaults:3: 1475 daAuts
Vaults:2: 1395 daAuts
 Crypt:1: 1395 daAuts
Vaults:1: 1330 daAuts
     D:2: 1285 daAuts
   Elf:3: 1278 daAuts
 Snake:2: 1268 daAuts
  Lair:3: 1220 daAuts
Vaults:4: 1184 daAuts
 Swamp:4: 1168 daAuts
 Crypt:3: 1159 daAuts
    D:10: 1143 daAuts
